Cogmind - Beta 15 @@@ ROGUE MODE // 2025.07.09 @ 14:27:55 // Halloween2019/Abominations Player: Minty Result: Destroyed by Lesser Abomination with Etherial Claws Performance ------------- Evolutions (1) 500 Regions Visited (2) 400 Robots Destroyed (16) 80 Value Destroyed (784) 784 Prototype IDs (2) 40 Alien Tech Used (0) 0 Bonus (0) 0 TOTAL SCORE: 1804 Bonus ------- None Cogmind --------- Core Integrity 0/400 Matter 243/300 Energy 80/100 System Corruption 2% Temperature Cool (9) Movement Walking (190) Ox1 Location -9/Materials Parts ------- > --- POWER (1) -------- (None) > --- PROPULSION (2) --- Improved Aluminum Leg > --- UTILITY (4) ------ Large Storage Unit Improved Targeting Computer Improved Targeting Computer > --- WEAPON (2) ------- Mace > --- INVENTORY (15) --- Cooling System ECM Suite Shield Generator Peak State ------------ > --- POWER ------------ Ion Engine > --- PROPULSION ------- Light Treads Light Treads > --- UTILITY ---------- Large Storage Unit Improved Targeting Computer Improved Targeting Computer Improved Targeting Computer > --- WEAPON ----------- Assault Rifle Mace > --- INVENTORY -------- Improved Aluminum Leg Improved Aluminum Leg Cooling System Improved Targeting Computer ECM Suite Shield Generator Grenade Launcher [Rating: 14] Favorites ----------- Power Ion Engine Engine Ion Engine Propulsion Light Treads Treads Light Treads Leg Aluminum Leg Utility Improved Targeting Computer Storage Large Storage Unit Processor Improved Targeting Computer Weapon Assault Rifle Ballistic Gun Assault Rifle Launcher Grenade Launcher Impact Weapon Mace Build | -11 -10 -9 ------- Run | Yrd Mat Mat Slots Evolved 2 | . . 2 Power . | . . . Propulsion . | . . . Utility 2 | . . 2 Weapon . | . . . Parts Attached 14 | . 7 7 Power . | . . . Engine . | . . . Core . | . . . Reactor . | . . . Propulsion 5 | . 3 2 Treads 3 | . 3 . Leg 2 | . . 2 Wheel . | . . . Hover . | . . . Flight . | . . . Utility 5 | . 2 3 Device . | . . . Storage 1 | . . 1 Processor 4 | . 2 2 Hackware . | . . . Protection . | . . . Artifact . | . . . Weapon 4 | . 2 2 Energy Gun . | . . . Energy Cannon . | . . . Ballistic Gun 2 | . 1 1 Ballistic Cannon . | . . . Launcher 1 | . 1 . Special Weapon . | . . . Impact Weapon 1 | . . 1 Slashing Weapon . | . . . Piercing Weapon . | . . . Special Melee Weapon . | . . . Unidentified Prototypes . | . . . Parts Lost 9 | . . 9 Power 1 | . . 1 Propulsion 3 | . . 3 Utility 2 | . . 2 Weapon 3 | . . 3 Highest Loss Streak 9 | . . 9 To Critical Strikes . | . . . Average Backups 5 | . 5 5 Power . | . . . Propulsion . | . . 1 Utility 3 | . 3 3 Weapon . | . . 1 Tool/Special . | . . . Unused Backups 14 | . 10 4 Power 3 | . 2 1 Propulsion 5 | . 5 . Utility 4 | . 1 3 Weapon 2 | . 2 . Tool/Special . | . . . Average Slot Usage (%) 97 | . 99 94 Engine 12 | . 14 10 Treads 23 | . 26 20 Leg 1 | . 1 1 Storage 4 | . 1 10 Processor 28 | . 26 31 Ballistic Gun 24 | . 27 18 Peak Build Rating 14 | . 9 14 Average Rating 10 | . 8 12 On Entrance 7 | 6 6 9 Naked Turns . | . . . Heaviest Build 29 | 14 14 29 Greatest Support 40 | 20 40 40 Greatest Overweight (x) . | . . . Average Overweight (x) . | . . . Largest Inventory Capacity 15 | . 8 15 Average Capacity 8 | . 5 14 Most Carried 8 | . 8 8 Average Carried 5 | . 5 5 Final Capacity 15 | 8 5 15 Final Carried 6 | 6 5 3 Class Distribution -------------------- 100% | Mutant Dominant Class ---------------- Mutant | -10/Materials Mutant | -9/Materials Resources | -11 -10 -9 ----------- Run | Yrd Mat Mat Matter Collected 671 | 175 368 128 Remotely . | . . . Salvage Created 613 | . 326 287 Parts 36 | . 23 13 Haulers Intercepted . | . . . Recyclers Shooed . | . . . Parts Field Recycled . | . . . Retrieved Matter . | . . . Parts Self-Destructed . | . . . Prevented . | . . . Kills | -11 -10 -9 ------- Run | Yrd Mat Mat Combat Hostiles Destroyed 16 | . 8 8 Melee 2 | . . 2 Guns 12 | . 6 6 AOE 2 | . 2 . Classes Destroyed 3 | . 2 1 Swarmer 3 | . . 3 Grunt 1 | . 1 . Abomination 12 | . 7 5 Best Kill Streak 5 | . 3 5 Combat Bots Only 5 | . 3 5 Max Kills in Single Turn 1 | . 1 1 Gunslinging . | . . . Exploded 1 | . 1 . Melee 1 | . . 1 Uniques/NPCs Destroyed . | . . . Combat | -11 -10 -9 -------- Run | Yrd Mat Mat Hostile Shots Fired 146 | . 81 65 Missed 35 | . 18 17 Hits 111 | . 63 48 Melee 43 | . 20 23 Projectile 68 | . 43 25 Critical Strikes 3 | . 2 1 Damage Taken 2175 | . 1098 1077 Core 610 | . 205 405 Absorbed by Shields . | . . . Core Remaining (%) 59 | 100 18 . Volleys Fired 61 | . 40 21 Largest 2 | . 2 2 Hottest 50 | . 50 40 Shots Fired 119 | . 78 41 Gun 114 | . 74 40 Cannon . | . . . Launcher 5 | . 4 1 Special . | . . . Kinetic 114 | . 74 40 Thermal . | . . . Explosive 5 | . 4 1 Electromagnetic . | . . . Robot Hit Streak 17 | . 14 17 Robot Miss Streak 3 | . 3 2 Penetration Max . | . . . Secondary Targets 2 | . 1 1 Max Gunslinging Chain 1 | . 1 1 Shots Hit Robots 111 | . 61 50 Core Hits 42 | . 29 13 Critical Kills 1 | . . 1 Critical Parts Destroyed 2 | . . 2 Critical Strikes 5 | . . 5 Smash 5 | . . 5 Melee Attacks 18 | . . 18 Impact 18 | . . 18 Slashing . | . . . Piercing . | . . . Sneak Attacks . | . . . Combat Hostiles . | . . . Follow-up Attacks . | . . . Damage Inflicted 2039 | . 1007 1032 Guns 1164 | . 735 429 Cannons . | . . . Explosions 339 | . 270 69 Melee 534 | . . 534 Ramming 2 | . 2 . Kinetic 1164 | . 735 429 Thermal . | . . . Explosive 339 | . 270 69 Electromagnetic . | . . . Impact 534 | . . 534 Slashing . | . . . Piercing . | . . . Highest Corruption 20 | . 20 2 Average Corruption 9 | . 11 2 Corruption Purged . | . . . Corruption Blocked . | . . . Effects 10 | . 10 . Message Errors 2 | . 2 . Matter Fused 2 | . 2 . Heat Flow Errors 1 | . 1 . Data Loss (minor) 1 | . 1 . Data Loss (major) 2 | . 2 . Weapon Failures 2 | . 2 . Overload Shots . | . . . Overflow Damage 98 | . . 98 Projectiles . | . . . Explosions . | . . . Melee 98 | . . 98 Knockbacks 2 | . 1 1 Impact 2 | . 1 1 Kinetic . | . . . Secondary . | . . . Self-Inflicted Damage 38 | . . 38 Shots 1 | . . 1 Rammed 2 | . 2 . Targets Rammed 2 | . 2 . Kicked . | . . . Crushed . | . . . Highest Temperature 146 | . 146 . Average Temperature 39 | . 39 . Received Heat Transfer 222 | . 132 90 Siege Activations . | . . . Martial Activations . | . . . Shielding Activations . | . . . Robots Disrupted . | . . . Combat Hostiles . | . . . Robots Corrupted . | . . . Combat Hostiles . | . . . Parts Fried . | . . . Impact Corruptions 4 | . . 4 Robots Melted . | . . . Combat Hostiles . | . . . Parts Melted . | . . . Heat Transferred . | . . . Parts Sabotaged . | . . . Parts Stolen . | . . . Parts Stripped . | . . . Power Chain Reactions . | . . . Alert | -11 -10 -9 ------- Run | Yrd Mat Mat Maximum Alert Level . | . . . Low Security (%) 100 | . 100 100 Level 1 . | . . . Level 2 . | . . . Level 3 . | . . . Level 4 . | . . . Level 5 . | . . . High Security . | . . . Max Security . | . . . Peak Influence 60 | . 20 60 Initial . | . . . Average 6 | . 1 17 Influence Increases 109 | . 32 77 Destroy 0b10 Robot/C 80 | . 20 60 Destroy Leader 10 | . . 10 Successful Hack 10 | . 10 . Destroy Structure 9 | . 2 7 Influence Decreases 109 | . 32 77 Time Decay 102 | . 32 70 Lost Part 7 | . . 7 Squads Dispatched 10 | . 6 4 Investigation 4 | . 2 2 Extermination . | . . . Reinforcement 2 | . 1 1 Assault 4 | . 3 1 Garrison . | . . . Intercept . | . . . Searches Triggered . | . . . Construction Impeded . | . . . Haulers Reinforced . | . . . Active Scanning Responses . | . . . Cargo Convoy Interrupts . | . . . Stealth | -11 -10 -9 --------- Run | Yrd Mat Mat Distress Signals 11 | . 1 10 Communications Jammed . | . . . Distress Signals . | . . . Times Spotted 21 | . 10 11 Peak Tracking Total 4 | . 4 4 Tactical Retreats . | . . . Traps | -11 -10 -9 ------- Run | Yrd Mat Mat Traps Triggered 1 | . . 1 Indirectly . | . . . Trap Hack Attempts . | . . . Triggered . | . . . Disarmed . | . . . Reprogrammed . | . . . Reused . | . . . Traps Extracted . | . . . Installed . | . . . Triggered . | . . . Machines | -11 -10 -9 ---------- Run | Yrd Mat Mat Machines Disabled . | . . . Max in Single Turn . | . . . Machines Repaired . | . . . Machines Dismantled . | . . . Machines Sabotaged . | . . . Overloaded Fab Kills . | . . . Hacking | -11 -10 -9 --------- Run | Yrd Mat Mat Machines Accessed 1 | . 1 . Terminals 1 | . 1 . Fabricators . | . . . Repair Stations . | . . . Recycling Units . | . . . Scanalyzers . | . . . Garrison Access . | . . . Total Hacks 6 | . 6 . Successful 4 | . 4 . Failed 2 | . 2 . Catastrophic 1 | . 1 . Database Lockouts . | . . . Manual 3 | . 3 . Terminals 6 | . 6 . Fabricators . | . . . Repair Stations . | . . . Recycling Units . | . . . Scanalyzers . | . . . Garrison Access . | . . . Terminal Hacks 3 | . 3 . Prototype ID Bank 1 | . 1 . Alert Level 1 | . 1 . Locate Traps 1 | . 1 . Fabricator Hacks . | . . . Repair Station Hacks . | . . . Recycling Unit Hacks . | . . . Scanalyzer . | . . . Garrison Access Hacks . | . . . Unauthorized Hacks 1 | . 1 . Terminals 1 | . 1 . Botnet 1 | . 1 . Fabricators . | . . . Repair Stations . | . . . Recycling Units . | . . . Scanalyzers . | . . . Garrison Access . | . . . Data Cores Recovered . | . . . Used . | . . . Hacking Detections 1 | . 1 . Full Trace Events . | . . . Feedback Events . | . . . Feedback Blocked . | . . . Robot Schematics Acquired . | . . . Robots Built . | . . . Authchips . | . . . Time . | . . . Total Robot Build Rating . | . . . Part Schematics Acquired . | . . . Parts Built . | . . . Authchips . | . . . Time . | . . . Total Part Build Rating . | . . . Parts Repaired . | . . . Time . | . . . Parts Recycled . | . . . Recycled Matter . | . . . Retrieved Matter . | . . . Retrieved Components . | . . . Parts Scanalyzed . | . . . Part Schematics Acquired . | . . . Parts Damaged . | . . . Bothacking | -11 -10 -9 ------------ Run | Yrd Mat Mat Used RIF Installer . | . . . Robots Hacked . | . . . Non-combat . | . . . Combat . | . . . Robot Hacks Applied . | . . . Relay Couplers Released . | . . . Fabnet Peak Effective % . | . . . Robots Rewired . | . . . Allies Hacked . | . . . Hacks Repelled . | . . . Allies | -11 -10 -9 -------- Run | Yrd Mat Mat Total Allies . | . . . Largest Group . | . . . Highest-Rated Group . | . . . Highest-Rated Ally . | . . . Total Orders . | . . . Ally Attacks . | . . . Total Damage . | . . . Kills . | . . . Allies Corrupted . | . . . Allies Melted . | . . . Intel | -11 -10 -9 ------- Run | Yrd Mat Mat Active Infowar (turns) . | . . . Robot Analysis Total . | . . . Derelict Logs Recovered . | . . . Drone Launches . | . . . Drone Recoveries . | . . . Exploration | -11 -10 -9 ------------- Run | Yrd Mat Mat Turns Passed 742 | . 475 267 Spaces Moved 273 | 1 183 89 Core . | . . . Treads 260 | . 171 89 Legs 13 | 1 12 . Wheels . | . . . Hover . | . . . Flight . | . . . Fastest Speed 120 | 120 120 160 Average Speed 158 | 120 157 160 Slowest Speed 160 | 120 160 160 Overloaded Moves . | . . . Propulsion Burnouts . | . . . Robots Hopped . | . . . Potential Cave-ins . | . . . Cave-ins Triggered . | . . . Exploration Rate (%) 21 | 2 46 15 Regions Visited 2 Branch Regions . Pre-discovered Areas . | . . . Known Exits Taken . | . . . Unknown Exits Taken 2 | 1 1 . Scrap Searched . | . . . Spaces Dug . | . . . Terrain Destroyed 11 | . 4 7 Melee . | . . . Projectile . | . . . AOE 11 | . 4 7 Terrain Rammed . | . . . Walls Destroyed . | . . . Machines Disabled . | . . . Actions | -11 -10 -9 --------- Run | Yrd Mat Mat Total 396 | . 254 142 Wait 9 | . 9 . Move 271 | . 182 89 Hop . | . . . Pick Up 10 | . 6 4 Fast Attach 1 | . 1 . Attach 7 | . . 7 Detach . | . . . Swap 9 | . 6 3 Drop 8 | . 8 . Fire 61 | . 40 21 Melee 18 | . . 18 Ram . | . . . Kick . | . . . Crush 2 | . 2 . Escape Stasis . | . . . Rewire . | . . . Trap . | . . . Miscellaneous . | . . . Route ------- -11/Scrapyard -10/Materials -9/Materials History --------- Turn | Location | Event 1 | -11/Scrapyard | Discovered new exit (range 0) 1 | -11/Scrapyard | Entered Materials 230 | -10/Materials | System corruption reached 10% 316 | -10/Materials | Build established: Mutant 384 | -10/Materials | Discovered new exit (range 8) 432 | -10/Materials | Core integrity fell below 50% 456 | -10/Materials | Core integrity fell below 20% 476 | -10/Materials | Entered another Materials area 476 | -9/Materials | Evolved 2 slots: Utility x2 732 | -9/Materials | Core integrity fell below 50% 740 | -9/Materials | Core integrity fell below 20% 743 | -9/Materials | Destroyed by Lesser Abomination with Etherial Claws Last Messages --------------- 00715_ Lesser Abomination absorbs Wheel. 00715_ Lgt. Treads destroyed. 00718_ Lesser Abomination suffers critical hit (Smash). 00718_ Destroyed Lgt. Ion Engine. 00718_ Lesser Abomination system corrupted by crushing effect. 00718_ Lesser Abomination knocked back. 00720_ Ion Engine destroyed. 00723_ Lgt. Treads destroyed. 00728_ Imp. Targeting Computer destroyed. 00728_ Lesser Abomination suffers critical hit (Smash). 00728_ Lesser Abomination destroyed. 00729_ K-01 Serf collects debris. 00733_ Imp. Aluminum Leg destroyed. 00735_ K-01 Serf collects debris. 00739_ Critical hit (Intensify). 00739_ Grenade Launcher destroyed. 00740_ Lesser Abomination suffers critical hit (Smash). 00740_ Destroyed Corrupted Med. Matter Pod. 00740_ Lesser Abomination system corrupted by crushing effect. 00743_ The unstable cave ceiling collapses. Map ----- +----------------------------------------------------+ | ?????????????????????????????????????????????????? | | ?????????????????????????????????????????????????? | | ?????????????????????????????????????????????????? | | ?????????????????????????????????????????????????? | | ?????????????????????????????????????????????????? | | ?????????????????????????????????????????????????? | | ?????????????????????????????????????????????????? | | ?????????????????????????????????????????????????? | | ?????????????????????????????????????????????????? | | ?????????????????????????????????????????????????? | | ??????????????????????????+??????????????????????? | | ?????????????????????????? ??????????????????????? | | ?????????????????????????? ??????????????????????? | | ????????????????????????## #?????????????????????? | | ???????????????????????? ?????????????????????? | | ???????????????????????? ??????????????????????? | | ???????????????????????? ??????????????????????? | | ???????????????????????? ??????????????????????? | | ???????????????????????? ??????????????????????? | | ???????????????????????? ??????????????????????? | | ????????????????????????# #??????????????????????? | | ???????????????????????## #??????????????????????? | | ???????????????????????# ##?#???????????????????? | | ???????????????????????# = # ##??????????????????? | | ??????????????????###### AA ##?????????????????? | | ????########?##???# @# #?????????????????? | | ????# #???# #?????????????????? | | ????# #???# # #?????????????????? | | ????# #???# ##?????????????????? | | ????# """"" #???#+##### # ###??????????????????? | | ##### """"" #????????##;######?????????????????? | | # """"" #????????# #?????????????????? | | " # #????????# #?????????????????? | | "" # %= #????????# #?????????????????? | | " #+#+################ #?????????????????? | | "" # % # #?????????????????? | | "" + %%% + """#?????????????????? | | "" # ! """ """ # """#?????????????????? | | "" #### """"""""" # """#?????????????????? | | "" #??# """"" " # """#?????????????????? | | " #??# # """#?????????????????? | | #??# # #?????????????????? | | #??# #########?????????????????? | | #####??# ###+#######?????????????????????????? | | ???????## #???????????????????????????????????? | | ????????# #???????????????????????????????????? | | ????????# #???????????????????????????????????? | | #######?# #???????????????????????????????????? | | ?# #???????????????????????????????????? | | # #???????????????????????????????????? | +----------------------------------------------------+ Best States ------------- Heat Dissipation 28 Energy Generation 10 Energy Capacity 250 Matter Stores 300 Matter Capacity 300 Sight Range 16 Terrain Scan Density 10 Evasion (%) 55 Targeting Accuracy 18 Recoil Reduction 2 Item Schematics ----------------- None Robot Schematics ------------------ None Fabricated ------------ Nothing Repaired ---------- Nothing Alien Tech Used ----------------- None Achievements -------------- None Challenges ------------ None Game ------ Seed ChromaticMetafiberBeam Manual? 0 Play Time 00:07:28 Cumulative 1146.0 hours Start 2025.07.09 @ 14:21:17 End 2025.07.09 @ 14:27:55 Sessions 1 Manual Loads 0 Difficulty Rogue Special Mode Halloween2019/Abominations Game No. 1407 Rogue 1123 Adventurer 124 Explorer 160 Win Type - Total 52 Types 38/0/8/4/1/0/0/1/0/0 Lore% 92 Gallery% 88 Achievement% 81 Wizard Run 0 Options --------- Layout 0 ASCII 0 Keyboard 1 Movement Numpad Keybinds 0 Fullscreen 2 Font 18/X11 Map View 76x50 Zoom Use 5% Tactical HUD 1 Map Filters NONE Filters NONE Steam 1 RUN: 92aa7b85-020c-411b-90ab-3730b7c610bb